cohdb
Replays
Latest Replays
All Replays
Popular Replays
Top Player Replays
Match Explorer
How It Works
Community
CoH3 Stats
Reddit
Sign in to upload your games and track your stats! →
Sign in with Steam
Match 42112890
Unlisted
Match 42112890
Overview
Messages
Build Orders
End
Kradschützen Motorcycle Team
Selects Panzerjäger Kommand Battlegroup
Selects Mine Fields
Panzergrenadier Squad
Panzergrenadier Squad
250 Light Carrier
Construct Light Support Kompanie
Combat Half-tracks
Selects GrB 39 Grenade Launcher Requisition
Fire Support Elements
Panzerjäger Mechanized Group
Vehicle Survival Package
Flakvierling Half-track
2.5-tonne Medical Truck
Veteran Squad Leaders
Selects Crew Shock Tactics
Assault Grenadier Squad
Selects Defensive Positions
Assault Mechanized Group
Construct Panzerarmee Kommand
Emergency Repair Kits
Armored Reserves
Tiger Heavy Tank
Selects Anti-tank Overwatch
Selects Butterfly Bomb Drop
Rapid Advance
Advanced Optics
Anti-tank Overwatch
Panzerpioneer Squad
ThreekidsinaTrenchcoat
Nostalgi@
0
0
Comments
sign in to comment!
No comments posted yet!